 Dungeon Crawl Stone Soup version 0.28-a0-769-g550dbda0cd (webtiles) character file.

Game seed: 13979424126766670131

4620 funkygono the Thaumaturge (level 10, -1/51 HPs)
             Began as a Gargoyle Fire Elementalist on Oct 31, 2021.
             Was a Follower of Vehumet.
             Killed by divine providence
             ... invoked by an orc priest
              (13 damage)
             ... on level 8 of the Dungeon.
             The game lasted 00:24:53 (11371 turns).

funkygono the Thaumaturge (GrFE)                   Turns: 11371, Time: 00:24:54

Health: -1/51      AC: 21    Str: 12    XL:     10   Next: 42%
Magic:  13/22      EV: 14    Int: 25    God:    Vehumet [*.....]
Gold:   1628       SH:  0    Dex: 10    Spells: 11/26 levels left

rFire   . . .      SeeInvis .   l - +1 whip (chaos)
rCold   . . .      Faith    .   (no shield)
rNeg    + . .      Spirit   .   x - +4 ring mail
rPois   ∞          Reflect  .   b - +1 helmet
rElec   +          Harm     .   p - +1 cloak
rCorr   .          Rampage  .   (no gloves)
Will    .....                   (no boots)
Stlth   +.........              (no amulet)
HPRegen 0.17/turn               e - +4 ring of evasion
MPRegen 0.18/turn               k - +6 ring of intelligence

@: no status effects
A: sickness immunity, AC +7, negative energy resistance 1, electricity
resistance, torment resistance 1, petrification resistance
a: Renounce Religion


You were on level 8 of the Dungeon.
You worshipped Vehumet.
Vehumet was aware of your devotion.
You visited 2 branches of the dungeon, and saw 9 of its levels.
You also visited: Sewer.

You collected 1628 gold pieces.

Inventory:

Hand Weapons
 l - a +1 whip of chaos (weapon)
 q - a +4 quarterstaff of chaos
 s - a +0 mace
 w - a +0 flail
Missiles
 d - 308 stones
 z - 3 throwing nets
Armour
 a - a +0 robe
 b - a +1 helmet (worn)
 i - a +0 ring mail
 j - a +0 buckler
 o - a +0 scale mail
 p - a +1 cloak (worn)
 x - a +4 ring mail (worn)
 D - a +1 leather armour of fire resistance
 F - a +1 leather armour of fire resistance
 H - a +1 robe of willpower
Magical Staves
 g - a staff of air
 y - a staff of cold
Jewellery
 e - a +4 ring of evasion (left hand)
 f - a ring of protection from fire
 k - a +6 ring of intelligence (right hand)
 n - a ring of see invisible
 I - a +6 ring of dexterity
Wands
 L - a wand of flame (10)
Scrolls
 u - a scroll of amnesia
 v - a scroll of holy word
 A - a scroll of teleportation
 J - 3 scrolls of fear
 K - a scroll of vulnerability {unknown}
Potions
 c - a potion of magic {unknown}
 h - 3 potions of lignification
 m - a potion of heal wounds
 r - 4 potions of might
 t - 2 potions of haste {unknown}
 B - 4 potions of brilliance {unknown}
 C - 2 potions of mutation {unknown}
 E - a potion of attraction {unknown}
 G - 2 potions of curing {unknown}


   Skills:
 + Level 0.7 Fighting
 + Level 0.8 Maces & Flails
 * Level 5.0 Armour
 + Level 2.3 Dodging
 - Level 2.1 Stealth
 * Level 8.8 Spellcasting
 * Level 7.6 Conjurations
 * Level 8.3 Fire Magic


You had 11 spell levels left.
You knew the following spells:

 Your Spells              Type           Power      Damage    Failure   Level
a - Foxfire               Conj/Fire      100%       2x1d9     1%          1
b - Scorch                Fire           100%       2d10      1%          2
c - Conjure Flame         Conj/Fire      50%        6-21      1%          3
d - Flame Wave            Conj/Fire      50%        3d10      4%          4
e - Sticky Flame          Conj/Fire      50%        2d7       4%          4
h - Sandblast             Erth           22%        2d7       12%         1

Your spell library contained the following spells:

 Spells                   Type           Power      Damage    Failure   Level
 Magic Dart               Conj           100%       1d8       1%          1
 Inner Flame              Hex/Fire       32%        N/A       6%          3
 Ignite Poison            Fire/Tmut/Pois 25%        N/A       11%         3
 Freeze                   Ice            44%        1d6       12%         1
 Summon Small Mammal      Summ           44%        N/A       12%         1
 Mephitic Cloud           Conj/Pois/Air  23%        N/A       12%         3
 Call Imp                 Summ           11%        N/A       19%         2
 Hailstorm                Conj/Ice       30%        3d8       24%         4
 Call Canine Familiar     Summ           11%        N/A       34%         3
 Frozen Ramparts          Ice            22%        1d4       34%         3
 Gell's Gravitas          Tloc           5%         N/A       34%         3
 Summon Guardian Golem    Hex/Summ       11%        N/A       34%         3
 Teleport Other           Tloc           11%        N/A       34%         3
 Dispersal                Tloc           5%         N/A       100%        6
 Malign Gateway           Summ/Tloc      5%         N/A       100%        7
 Summon Horrible Things   Summ           5%         N/A       100%        8


Dungeon Overview and Level Annotations

Branches:
Dungeon (8/15)             Temple (1/1) D:7           Sewer (visited)
   Lair: D:8-11

Altars:
Ashenzari
Cheibriados
Dithmenos
Elyvilon
Fedhas
Gozag
Kikubaaqudgha
Makhleb
Nemelex Xobeh
Okawaru
Qazlal
Ru
Sif Muna
Trog
Uskayaw
Vehumet
Wu Jian
Xom
Zin
The Shining One

Shops:
D:5 (   D:7 !*(

Annotations:
D:3 1 runed translucent door, SeagullWaffle's ghost, amateur GrEE


Innate Abilities, Weirdness & Mutations

You are immune to sickness and miasma.
Your stone body is resilient. (AC +7)
You are immune to poison.
You resist negative energy. (rN+)
You are resistant to electric shocks. (rElec)
You are resistant to unholy torment.
You are immune to petrification.


Message History

Unknown command.
Your foxfire dissipates!
The foxfire hits the ice beast.
The ice beast melts!
The ice beast is moderately wounded.
The foxfire hits the ice beast.
The ice beast is moderately wounded.
The foxfire hits the ice beast.
The ice beast melts!
The ice beast is heavily wounded.
Casting: Foxfire (safe; 1% risk of failure)
Confirm with . or Enter, or press ? or * to list all spells.
Aiming: Sticky Flame (dangerous; 4% risk of failure)
Press: ? - help, Shift-Dir - straight line, f - ice beast
Aim: an ice beast (heavily wounded, 100% to hit)
The sticky flame hits the ice beast!
The ice beast melts!
The ice beast is severely wounded.
The ice beast is covered in liquid flames!
The ice beast burns!
You kill the ice beast!
Vehumet accepts your kill.
Casting: Sticky Flame (dangerous; 4% risk of failure)
Confirm with . or Enter, or press ? or * to list all spells.
You conjure some foxfire!
The orc priest looks satisfied for a moment.
The foxfire hits the orc.
The orc is moderately wounded.
The foxfire hits the orc.
You kill the orc!
Vehumet accepts your kill.
The orc priest invokes the aid of Beogh against you.
Beogh smites you!
* * * LOW HITPOINT WARNING * * *
The orc priest looks satisfied for a moment.
The orc priest begins to cast a cantrip, but forgets the words!
The orc priest mumbles some strange prayers to Beogh against you.
Pain shoots through your body!
* * * LOW HITPOINT WARNING * * *
There is a stone staircase leading up here.
The orc priest invokes the aid of Beogh against you.
Beogh smites you!
You die...

###########
..############...†......
#......@....oo........##
..#######.###o#o###.#.#
...# #.#.# #.#.# ###.#
#.#.###o#.# #..
..#.o.....# #.#
#######)..# #..
#.o..o#.## #.#
#.###.#... # #.# #...##


You could see an orc priest and 2 orcs.

Vanquished Creatures
  A hydra (D:7)
  A hornet (D:8)
  Sigmund (D:6)
  A wyvern (D:8)
  Eustachio (D:6)
  4 water moccasins
  An orc warrior (D:8)
  3 ice beasts
  4 black bears
  A sky beast (D:5)
  3 ogres
  3 centaurs
  A phantom (D:4)
  3 kobold brigands
  Blork the orc (D:6)
  A water moccasin zombie (D:6)
  A wyvern skeleton (D:7)
  A water moccasin skeleton (D:4)
  3 killer bees (D:8)
  2 electric eels (D:6)
  2 bullfrog zombies (D:6)
  A gnoll shaman (D:5)
  A jelly (D:6)
  Crazy Yiuf (D:2)
  3 hounds
  2 orc priests (D:5)
  A bullfrog skeleton (D:5)
  A centaur skeleton (D:7)
  4 iguanas
  2 orc wizards
  Natasha (thrice) (D:2)
  2 killer bee zombies
  7 gnolls
  A howler monkey skeleton (D:5)
  7 adders
  A river rat (D:5)
  A white imp (D:6)
  An ufetubus (D:5)
  2 worms
  A dart slug (D:4)
  32 orcs
  4 bats
  4 endoplasms
  4 giant cockroaches
  13 goblins
  6 hobgoblins
  4 jackals
  3 quokkas
  5 ball pythons
  7 frilled lizards
  37 kobolds
  7 rats
207 creatures vanquished.

Vanquished Creatures (collateral kills)
  7 foxfires
7 creatures vanquished.

Vanquished Creatures (others)
  A human (D:5)
  725 foxfires
  66 plants
792 creatures vanquished.

Grand Total: 1006 creatures vanquished

Notes
Turn   | Place    | Note
-------+----------+-------------------------------------------
     0 | D:1      | funkygono the Gargoyle Fire Elementalist began the quest
                  | for the Orb.
     0 | D:1      | Reached XP level 1. HP: 10/10 MP: 3/3
   360 | D:1      | Reached XP level 2. HP: 15/15 MP: 0/5
   363 | D:1      | Learned a level 2 spell: Scorch
   569 | D:1      | Found a faded altar of an unknown god.
  1153 | D:1      | Reached XP level 3. HP: 19/19 MP: 4/6
  1157 | D:1      | Learned a level 3 spell: Conjure Flame
  2131 | D:2      | Noticed Natasha
  2139 | D:2      | Killed Natasha
  2140 | D:2      | Reached XP level 4. HP: 24/24 MP: 2/8
  2441 | D:2      | Noticed Natasha
  2447 | D:2      | Killed Natasha
  2666 | D:2      | Reached XP level 5. HP: 28/28 MP: 8/10
  2671 | D:2      | Learned a level 4 spell: Flame Wave
  2777 | D:2      | Noticed Natasha
  2781 | D:2      | Killed Natasha
  2997 | D:2      | Found a runed translucent door.
  2998 | D:2      | Noticed Crazy Yiuf
  3005 | D:2      | Killed Crazy Yiuf
  3529 | D:3      | Reached XP level 6. HP: 28/32 MP: 0/11
  4087 | D:3      | Found a runed translucent door.
  4088 | D:3      | Noticed SeagullWaffle's ghost (amateur GrEE)
  4433 | D:3      | Found a stormy altar of Qazlal.
  4582 | D:4      | Reached skill level 5 in Fire Magic
  4814 | D:4      | Found an iron altar of Okawaru.
  4854 | D:4      | Found a glowing silver altar of Zin.
  4907 | D:4      | Reached XP level 7. HP: 37/37 MP: 9/13
  4941 | D:4      | Found a sacrificial altar of Ru.
  5903 | D:4      | Learned a level 4 spell: Sticky Flame
  5925 | D:5      | Entered Level 5 of the Dungeon
  5933 | D:5      | Found a glowing drain.
  5976 | Sewer    | Entered a sewer
  6076 | Sewer    | Reached skill level 5 in Spellcasting
  6190 | D:5      | Found an ancient bone altar of Kikubaaqudgha.
  6404 | D:5      | Reached XP level 8. HP: 41/42 MP: 5/16
  6565 | D:5      | Reached skill level 1 in Armour
  6749 | D:5      | Reached skill level 5 in Conjurations
  6987 | D:5      | Found Wetel's Weapon Shop.
  7480 | D:5      | Identified a scroll of acquirement
  7480 | D:5      | Acquired 1235 gold pieces
  7708 | D:6      | Reached XP level 9. HP: 46/46 MP: 11/19
  7765 | D:6      | Noticed Eustachio
  7776 | D:6      | Killed Eustachio
  8124 | D:6      | Noticed Blork the orc
  8129 | D:6      | Killed Blork the orc
  8556 | D:6      | Found a blossoming altar of Fedhas.
  8679 | D:6      | Found a broken altar of Ashenzari.
  8680 | D:6      | Found a hide-covered altar of Uskayaw.
  8885 | D:6      | Found a bloodstained altar of Trog.
  8886 | D:6      | Noticed Sigmund
  8893 | D:6      | Killed Sigmund
  9294 | D:7      | Found a staircase to the Ecumenical Temple.
  9621 | Temple   | Entered the Ecumenical Temple
  9652 | Temple   | Became a worshipper of Vehumet
 10197 | D:7      | Noticed a five-headed hydra
 10214 | D:7      | Killed a five-headed hydra
 10215 | D:7      | Reached XP level 10. HP: 34/51 MP: 8/22
 10449 | D:7      | Found Liag's Weapon Shoppe.
 10457 | D:7      | Found Plog's Assorted Antiques.
 10583 | D:7      | Found Duetu's Distillery.
 10668 | D:7      | Found an ornate altar of the Wu Jian Council.
 11162 | D:8      | Reached * piety under Vehumet
 11162 | D:8      | Offered knowledge of Sandblast by Vehumet.
 11193 | D:8      | Learned a level 1 spell: Sandblast
 11344 | D:8      | Reached skill level 5 in Armour
 11371 | D:8      | Killed from afar by an orc priest

Illustrated notes

Levels and vault maps discovered:
D:1:      dpeg_arrival_radiant, layout_basic,
          shapermc_ecumenical_altar_totnotflames
D:2:      layout_loops_ring, kennysheep_donut, uniq_crazy_yiuf_cottage,
          uniq_natasha
D:3:      layout_loops_corners, mainiacjoe_overflow_alcove_1,
          ebering_ghost_reflecting_pool
D:4:      kennysheep_kobold_camp, layout_cave_pools, lemuel_crystal_altar,
          mainiacjoe_overflow_concentric_impassable, okawaru_altar_gauntlet_db,
          eino_small_chamber_without_monster
D:5:      layout_cave_pods, tgw_kikubaaqudgha, portal_sewer_entry_a,
          serial_shops, nicolae_diamond_shop
D:6:      layout_basic, fedhas_altar_3, amethyst_overflow_temple_binary,
          lightli_temple_of_fire, kennysheep_decorative_pillar,
          amcnicky_mini_rare_corridor_liquid, st_stairs_9, chequers_big_river,
          uniq_sigmund, uniq_eustachio, uniq_blork_the_orc
D:7:      layout_loops_ring, nicolae_wu_jian_glorious_leap,
          minmay_temple_entry_statues_fountains, serial_shops, shop,
          shop_statue, shop
D:8:      kennysheep_blocky_room, layout_loops_ring, minmay_misc_feat_cross
Temple:   chequers_temple_sunken

Skill      XL: |  1  2  3  4  5  6  7  8  9 10 |
---------------+-------------------------------+-----
Fire Magic     | 4 5 6 8 |  8.3
Spellcasting   | 3 4 5 6 8 |  8.8
Conjurations   | 2 3 4 5 7 |  7.6
Armour         | 2 4 5 |  5.0
Dodging        | 2 |  2.3
Fighting       | |  0.7
Maces & Flails | |  0.8
Stealth        | |  2.1

Action                   |  1- 3 |  4- 6 |  7- 9 | 10-12 || total
-------------------------+-------+-------+-------+-------++-------
Melee: Unarmed           |     3 |       |       |       ||     3
       Club              |    14 |       |       |       ||    14
       Whip              |       |    11 |    45 |    12 ||    68
 Cast: Foxfire           |    47 |   101 |   234 |    62 ||   444
       Scorch            |     4 |    17 |    16 |    11 ||    48
       Conjure Flame     |       |     1 |     2 |       ||     3
       Flame Wave        |       |       |     3 |       ||     3
       Sticky Flame      |       |       |     3 |     2 ||     5
  Use: Scroll            |     1 |     5 |    10 |       ||    16
Armor: Robe              |     8 |     9 |     1 |       ||    18
       Ring mail         |       |       |    66 |     7 ||    73
Dodge: Dodged            |    30 |    19 |   105 |    16 ||   170

Table legend: (Time is in decaauts)
 A = Elapsed time spent in this place.
 B = Non-inter-level travel time spent in this place.
 C = Inter-level travel time spent in this place.
 D = Time resting spent in this place.
 E = Time spent auto-exploring this place.
 F = Levels seen in this place.
 G = Mean time per level.
                   A        B        C        D        E       F      G
               +--------+--------+--------+--------+--------+-----+--------+
         Total |  11476 |  10834 |    642 |    646 |   8457 |  10 | 1147.6 |
       Dungeon |  11042 |  10433 |    609 |    646 |   8132 |   8 | 1380.2 |
        Temple |    250 |    217 |     33 |      0 |    201 |   1 |  250.0 |
         Sewer |    183 |    183 |      0 |      0 |    124 |   1 |  183.0 |
               +--------+--------+--------+--------+--------+-----+--------+

Top non-repeatable levels by time:
     D:6: 1810 daAuts
     D:1: 1650 daAuts
     D:3: 1543 daAuts
     D:2: 1529 daAuts
     D:5: 1525 daAuts
     D:4: 1378 daAuts
     D:7: 1192 daAuts
     D:8: 412 daAuts
  Temple: 250 daAuts
   Sewer: 183 daAuts
